 Dungeon Crawl Stone Soup version 0.22-a0-42-g002c468 (webtiles) character file.

53 KristoblXynda the Charmwright (level 3, 0/18 HPs)
             Began as a Spriggan Skald on Jan 5, 2018.
             Slain by Sigmund
             ... wielding a +0 scythe
              (7 damage)
             ... on level 2 of the Dungeon.
             The game lasted 00:02:48 (2242 turns).

KristoblXynda the Charmwright (Spriggan Skald)      Turns: 2242, Time: 00:02:49

Health: 0/18       AC:  2    Str:  8    XL:     3   Next: 64%
Magic:  5/8        EV: 19    Int: 14    God:
Gold:   46         SH:  0    Dex: 15    Spells: 6/7 levels left

rFire    . . .     SeeInvis +   a - +0 short sword
rCold    . . .     Gourm    .   (shield restricted)
rNeg     . . .     Faith    .   b - +0 robe
rPois    .         Spirit   .   (helmet restricted)
rElec    .         Reflect  .   (no cloak)
rCorr    .         Harm     .   (gloves unavailable)
MR       .....                  (boots unavailable)
Stlth    +.........             (no amulet)
HPRegen  0.06/turn              (no ring)
MPRegen  0.11/turn              (no ring)

@: infused, very quick
A: very small, unfitting armour, see invisible, herbivore, speed 3, slow
metabolism 2
a: no special abilities


You were on level 2 of the Dungeon.
You were not hungry.

You visited 1 branch of the dungeon, and saw 2 of its levels.

You collected 46 gold pieces.

Inventory:

Hand Weapons
 a - a +0 short sword (weapon)
Armour
 b - a +0 robe (worn)
Jewellery
 g - a +5 ring of dexterity {unknown}
 h - an uncursed ring of poison resistance {unknown}
Scrolls
 e - a scroll of fog
 f - a scroll of remove curse {unknown}
 i - a scroll of amnesia {unknown}
 j - a scroll of immolation {unknown}
Books
 c - a book of Battle

   Spells                             Type                      Level
   a - Infusion                       Charms                       1
   b - Shroud of Golubria             Charms/Translocation         2
   c - Song of Slaying                Charms                       2
   d - Spectral Weapon                Hexes/Charms                 3
   e - Regeneration                   Charms/Necromancy            3
Comestibles
 d - 2 rations


   Skills:
 - Level 1.5 Fighting
 + Level 3.1 Short Blades
 + Level 4.5 Dodging
 - Level 2.6 Spellcasting
 + Level 5.3 Charms


You had 6 spell levels left.
You knew the following spells:

 Your Spells              Type           Power        Failure   Level  Hunger
a - Infusion              Chrm           ###.         2%          1    #......


Dungeon Overview and Level Annotations

Branches:
Dungeon (2/15)

Altars:

Annotations:
D:2 Sigmund


Innate Abilities, Weirdness & Mutations

You are very small and have problems with some larger weapons.
You are too small for most types of armour.
You have supernaturally acute eyesight. (SInv)
You are a herbivore.
You cover ground extremely quickly.
You need consume almost no food.


Message History

Things that are here:
a club; a hobgoblin skeleton You start resting.
There are monsters nearby!
Casting: Infusion
Confirm with . or Enter, or press ? or * to list all spells.
You begin infusing your attacks with magical energy.
Things that are here:
a club; a hobgoblin skeleton You hit the goblin.
You kill the goblin!
Sigmund hits you with a scythe!
Ouch! That really hurt!
You see here a goblin corpse.
You barely miss Sigmund.
The goblin shoots a stone.
The stone barely misses Sigmund.
The stone barely misses you.
You hit Sigmund.
Sigmund is lightly wounded.
Sigmund hits you with a scythe!
You die...

.......###..###
#...§§....#### .#...†.#
....# #....##.###
#.....###..# #######.#
#.g........# #.#
#....###.....# #.# #....#
#.#...############.# ##(...#
#.###.##(...÷....#.# .#....#
#.. ##)####......#
.#..<.##### #@# #.##.###
.#####(@.### #@# #.##.#
.##......g.#####g####....###
.....#(#.#.................#
.###........####...........#
.# #.#.#.#..# #...........#
## #........# #...........#
#.#.#.#..# #...........#
#.......## #...........#


You could see Sigmund (invisible) and a goblin.

Vanquished Creatures
  2 adders (D:2)
  A worm (D:2)
  An orc (D:2)
  2 giant cockroaches (D:2)
  4 goblins
  6 hobgoblins (D:2)
  4 kobolds
  2 quokkas (D:2)
  A ball python (D:1)
  4 bats
  3 frilled lizards
  A rat (D:1)
31 creatures vanquished.

Notes
Turn   | Place    | Note
-------+----------+-------------------------------------------
     0 | D:1      | KristoblXynda the Spriggan Skald began the quest for the Orb.
     0 | D:1      | Reached XP level 1. HP: 10/10 MP: 5/5
   750 | D:2      | Reached XP level 2. HP: 14/14 MP: 6/6
  1345 | D:2      | Reached skill level 5 in Charms
  1874 | D:2      | Noticed Sigmund
  1923 | D:2      | Reached XP level 3. HP: 17/18 MP: 2/8
  2242 | D:2      | Slain by Sigmund

Vault maps used:
D:1:      mainiacjoe_arrival_reflecting_pool, interstate_on_off
D:2:      glass_columns_b, st_stairs_10, uniq_sigmund

Skill      XL: |  1  2 |
---------------+-------+-----
Dodging        | 4 |  4.5
Charms         | 5 |  5.3
Short Blades   | 3 |  3.1
Fighting       | |  1.5
Spellcasting   | |  2.6

Action                   || total
-------------------------++-------
Melee: Short sword       ||   129
 Cast: Infusion          ||    11
  Use: Potion            ||     5
       Scroll            ||     1
 Stab: Sleeping          ||     1
Armor: Robe              ||    12
Dodge: Dodged            ||   129

Table legend:
 A = Spawn XP
 B = Non-spawn XP
 C = Spawn XP percentage of total XP
 D = Spawn monster count
 E = Non-spawn monster count
 F = Spawn count percentage of total count
 G = Total turns spent on level
                    A         B        C        D         E        F      G
               +---------+---------+-------+---------+---------+-------+---------
         Total |       0 |      77 |   0.0 |       0 |      31 |   0.0 |  2242
               +---------+---------+-------+---------+---------+-------+---------
           D:1 |       0 |      12 |   0.0 |       0 |       9 |   0.0 |   750
           D:2 |       0 |      65 |   0.0 |       0 |      22 |   0.0 |  1492
               +---------+---------+-------+---------+---------+-------+---------
